 Dungeon Crawl Stone Soup version 0.25-b1-37-g2669288c55 (webtiles) character file.

Game seed: 3032924250651835450

2 Descartes the Charmwright (level 1, 0/9 HPs)
             Began as a Felid Skald on June 5, 2020.
             Slain by a hobgoblin
             ... wielding a +0 club
              (4 damage)
             ... on level 1 of the Dungeon.
             The game lasted 00:00:42 (81 turns).

Descartes the Charmwright (Felid Skald)               Turns: 81, Time: 00:00:43

Health: 0/9        AC:  1    Str:  7    XL:     1   Next: 25%
Magic:  4/4        EV: 18    Int: 14    God:
Gold:   2          SH:  0    Dex: 15    Spells: 3/4 levels left
                                        Lives:  0   Deaths: 0

rFire    . . .     SeeInvis +     - Unarmed
rCold    . . .     Gourm    .   (shield unavailable)
rNeg     . . .     Faith    .   (armour unavailable)
rPois    .         Spirit   .   (helmet unavailable)
rElec    .         Reflect  .   (cloak unavailable)
rCorr    .         Harm     .   (gloves unavailable)
MR       .....                  (boots unavailable)
Stlth    ++........             (no amulet)
HPRegen  0.03/turn              (no ring)
MPRegen  0.09/turn              (no ring)

@: quick
A: very small, no armour, no weapons or thrown items, stealth, claws 1, fangs 3,
see invisible, carnivore, speed 1, shaggy fur 1, slow metabolism 1, sharp paws
a: no special abilities


You were on level 1 of the Dungeon.
You were not hungry.

You visited 1 branch of the dungeon, and saw 1 of its levels.

You collected 2 gold pieces.

Inventory:

Scrolls
 a - a scroll of identify {unknown}
 c - a scroll of amnesia {unknown}
Comestibles
 b - 2 rations


   Skills:
 + Level 2.0 Fighting
 + Level 3.2 Dodging
 * Level 0.3 Stealth
 * Level 2.0 Unarmed Combat
 + Level 2.0 Spellcasting
 + Level 3.6 Charms


You had 3 spell levels left.
You knew the following spells:

 Your Spells              Type           Power        Failure   Level  Hunger
a - Infusion              Chrm           ##..         5%          1    ##.....

Your spell library contained the following spells:

 Spells                   Type           Power        Failure   Level  Hunger
 Song of Slaying          Chrm           ##......     9%          2    ###....
 Shroud of Golubria       Chrm/Tloc      #.....       17%         2    ###....
 Ozocubu's Armour         Chrm/Ice       #.......     34%         3    ####...
 Spectral Weapon          Hex/Chrm       Unusable     N/A         3    N/A

Dungeon Overview and Level Annotations

Branches:
Dungeon (1/15)

Altars:


Innate Abilities, Weirdness & Mutations

You cannot wear armour.
You are incapable of wielding weapons or throwing items.
Your paws allow you to move quietly. (Stealth)
You have sharp claws.
You have razor-sharp teeth.
You have supernaturally acute eyesight. (SInv)
You are carnivorous and can eat meat at any time.
You cover ground quickly.
You are covered in fur. (AC +1)
You have a slow metabolism.
Your sharp claws are effective at attacking unaware monsters.


Message History

You scratch the bat.
You kill the bat!
The hobgoblin closely misses you.
You scratch the hobgoblin but do no damage.
The hobgoblin closely misses you.
You scratch the hobgoblin but do no damage.
The hobgoblin closely misses you.
You scratch the hobgoblin but do no damage.
The hobgoblin barely misses you.
You scratch the hobgoblin but do no damage.
The hobgoblin hits you with a +0 club.
Ouch! That really hurt!
You are too injured to fight recklessly!
Unknown command.
You are too injured to fight recklessly!
You barely miss the hobgoblin. You barely miss the hobgoblin.
The hobgoblin barely misses you.
You scratch the hobgoblin but do no damage.
Your bite misses the hobgoblin. The hobgoblin hits you with a +0 club.
You die...

. ............
.............
..#.............#####
................ ...###
#.....[..#.....# .....
.#.............##.#.#.#(
........................
..................#.#
.#............##@...#
..............##g...#
###...#.#.....##....#
#.).#.#.....##......
#...#.#.....##....###
###...#.##....##...##
...................#
###...#.##.#.#####.#
.....##.##.#.#


You could see a hobgoblin.

Vanquished Creatures
  A bat (D:1)
  A kobold (D:1)
  A rat (D:1)
3 creatures vanquished.

Notes
Turn   | Place    | Note
-------+----------+-------------------------------------------
     0 | D:1      | Descartes the Felid Skald began the quest for the Orb.
     0 | D:1      | Reached XP level 1. HP: 9/9 MP: 4/4
    81 | D:1      | Slain by a hobgoblin

Illustrated notes

Levels and vault maps discovered:
D:1:      minmay_arrival_radiant_lines, layout_basic

Action                   || total
-------------------------++-------
Melee: Unarmed           ||    21
       Bite              ||     1
 Stab: Sleeping          ||     1
  Eat: Chunk             ||     1
Armor: Skin              ||     1
Dodge: Dodged            ||    13
